[Event "Prague Festival Future 2020"]
[Site "Prague"]
[Date "2020.02.21"]
[Round "9.4"]
[White "Klimkowski, Jan"]
[Black "Aydin, Gulenay"]
[Result "1-0"]
[ECO "C92"]
[WhiteElo "2229"]
[BlackElo "1964"]
[Annotator "NA"]
[PlyCount "77"]
[EventDate "2020.02.12"]
[EventType "tourn"]
[EventCountry "CZE"]
[SourceTitle "playchess.com"]
[Source "ChessBase"]
[SourceQuality "1"]
[TimeControl "40/5400+30:1800+30"]

1. e4 e5 2. Nf3 Nc6 3. Bb5 a6 4. Ba4 Nf6 5. O-O Be7 6. Re1 b5 7. Bb3 d6 8. c3 O-O 9. h3 Bb7 10. d4 Nd7 11. Nbd2 exd4 {[%emt 0:00:47] C92: Closed Ruy Lopez: 9...Be6, Karpov and Flohr-Zaitsev Variations.} 12. cxd4 Re8 13. Nf1 Na5 14. Bc2 Bf6 15. Ng3 g6 16. b3 c5 17. Bb2 Nc6 18. Qd2 {[%emt 0:02:25] [#]} Qc7 $146 ({Predecessor:} 18... Rc8 19. Rad1 cxd4 20. Bb1 Be5 21. Nxd4 Qf6 22. Nge2 Nc5 23. f3 Ne6 24. Nxe6 Bxb2 {½-½ (41) Jansa,V (2450)-Krejci,J (2582) Ostrava 2018}) 19. Rac1 Rad8 20. Bb1 Qb6 21. dxc5 dxc5 {[%emt 0:01:35] [#]} 22. Bxf6 $1 Nxf6 23. Qg5 Nd7 24. e5 Nd4 25. Nxd4 $18 cxd4 26. e6 Rxe6 27. Rxe6 fxe6 28. Qe7 d3 29. Nh5 gxh5 30. Bxd3 e5 31. Bxh7+ Kh8 32. Bf5 Nf8 33. Rc7 Rd1+ 34. Kh2 Qh6 35. Qxe5+ Kg8 36. Rxb7 Rd6 37. Be4 Rf6 38. Bd5+ Kh8 39. Rf7 1-0

[Event "Prague Festival Future 2020"]
[Site "Prague"]
[Date "2020.02.21"]
[Round "9.5"]
[White "Kanov, Nikola"]
[Black "Brozka, Karel"]
[Result "1-0"]
[ECO "C02"]
[WhiteElo "2129"]
[BlackElo "2045"]
[Annotator "ChessBase"]
[PlyCount "137"]
[EventDate "2020.02.12"]
[EventType "tourn"]
[EventCountry "CZE"]
[SourceTitle "playchess.com"]
[Source "ChessBase"]
[SourceQuality "1"]
[TimeControl "40/5400+30:1800+30"]

1. e4 e6 2. d4 d5 3. e5 c5 4. c3 Qb6 5. Nf3 Nc6 6. Be2 Nh6 7. Bxh6 gxh6 8. Qd2 Bd7 9. O-O cxd4 10. cxd4 Rc8 11. Nc3 Bg7 12. Rac1 O-O 13. Na4 Qa5 14. Qxa5 Nxa5 15. Nc5 Bc6 16. Rc3 Nc4 17. b3 Nb6 18. Rfc1 Nd7 19. Nd3 Nb6 20. h3 Bb5 21. Nf4 Bxe2 22. Nxe2 Rxc3 23. Rxc3 Rc8 24. Rxc8+ Nxc8 25. Nf4 Nb6 26. Kf1 Kf8 27. Nh5 Nd7 28. Nh2 f6 29. f4 Kf7 30. g4 a6 31. Nf3 Bh8 32. Ke2 b6 33. h4 a5 34. Kd3 b5 35. a3 Ke7 36. Kc3 Kf7 37. a4 b4+ 38. Kd3 Ke7 39. Ke3 Kf7 40. Ne1 Nb8 41. Nd3 Nc6 42. Nc5 Ke7 43. Kd3 Kf7 44. Ng3 Ke7 45. Ke3 Bg7 46. Nh5 Bh8 47. Kd3 Kf7 48. Ng3 Ke7 49. Ke3 Bg7 50. g5 f5 51. Nh5 Bh8 52. gxh6 Nd8 53. Ng3 Kf7 54. h5 Ke7 55. Ne2 Nf7 56. Nc1 Nxh6 57. N1d3 Nf7 58. Nb7 Kd7 59. Nxa5 Kc7 60. Nxb4 Nd8 61. Nd3 Kb6 62. b4 h6 63. Nc5 Bg7 64. Kd3 Kc7 65. Nab7 Nxb7 66. Nxe6+ Kd7 67. Nxg7 Ke7 68. Nxf5+ Ke6 69. Ne3 1-0